Map: Ice and Chrome LE

Players

TIME (Oliveira) - Winner!

  • Race: Terran Terran
  • League: Grandmaster
  • Spawn Location: 7:00

TYTY (TY)

  • Race: Terran Terran
  • League: Grandmaster
  • Spawn Location: 1:00

Event: DreamHack SC2 Masters 2020 Summer Season Finals

VOD

Have the link to the VOD?

Description

Time

  • Played on: July 16, 2020, 10 a.m.
  • Length: 18:37

All games in this series

Show
View Real Time Build Order
Export as new Build Order

TIME Terran - Winner!

Build Orders: Reaper Expand 

Get SALT Encoding   

  12  0:00  SCV  
  13  0:13  SCV  
  14  0:18  Supply Depot  
  14  0:25  SCV  
  15  0:40  SCV  
  15  0:41  Barracks  
  16  0:45  Refinery  
  16  0:52  SCV  
  17  1:04  SCV  
  18  1:16  SCV  
  19  1:29  Reaper  
  19  1:30  Orbital Command  
  20  1:39  Command Center  
  20  1:49  Supply Depot  
  20  1:55  SCV  
  21  2:01  Marine  
  21  2:07  SCV  
  23  2:08  Factory  
  23  2:13  Refinery  
  23  2:19  SCV  
  24  2:22  Barracks Reactor  
  24  2:31  SCV  
  24  2:33  Bunker  
  25  2:44  SCV  
  26  2:50  Orbital Command  
  26  2:53  Hellion, Starport  
  26  2:56  SCV  
  28  2:59  Marine x2  
  29  3:08  SCV  
  30  3:16  Marine  
  30  3:17  Marine  
  32  3:23  SCV  
  33  3:28  Factory Tech Lab  
  33  3:29  Starport Tech Lab  
  33  3:30  SCV  
  34  3:35  SCV  
  35  3:42  SCV  
  35  3:47  SCV  
  35  3:48  Cyclone  
  40  3:49  Supply Depot  
  40  3:51  Marine x2  
  40  3:54  SCV  
  40  3:55  Raven  
  45  3:59  SCV  
  46  4:10  SCV  
  46  4:12  Command Center  
  46  4:13  SCV  
  48  4:22  SCV, Supply Depot  
  48  4:23  Siege Tank  
  51  4:25  SCV  
  54  4:40  SCV  
  54  4:42  Barracks  
  54  4:43  SCV  
  54  4:45  Barracks  
  54  4:46  Starport Reactor  
  54  4:47  Supply Depot  
  54  4:52  SCV, Stimpack, Marine  
  56  4:55  SCV  
  57  5:03  Engineering Bay x2  
  57  5:04  SCV  
  58  5:07  Refinery  
  58  5:09  Refinery, Siege Tank  
  58  5:10  SCV  
  58  5:12  Marine  
  62  5:16  SCV  
  63  5:22  SCV  
  63  5:24  Orbital Command  
  65  5:28  SCV  
  65  5:30  Marine  
  65  5:31  Marine x2  
  65  5:34  Starport Reactor  
  68  5:35  Terran Infantry Weapons Level 1  
  68  5:36  SCV  
  68  5:40  SCV  
  68  5:41  Marine x2  
  72  5:48  Marine, Siege Tank  
  72  5:49  Marine  
  77  5:50  Marine  
  77  5:51  SCV  
  77  5:54  SCV, Supply Depot  
  80  5:57  Supply Depot  
  80  5:59  Marine x2  
  80  6:02  Terran Infantry Armor Level 1  
  83  6:05  Marine  
  83  6:07  Marine  
  83  6:09  Orbital Command  
  83  6:10  SCV  
  85  6:16  SCV, Medivac x2  
  85  6:17  Marine  
  91  6:19  Marine, Barracks  
  91  6:20  Barracks  
  91  6:23  Marine  
  91  6:24  SCV  
  94  6:29  Marine, Siege Tank  
  94  6:31  SCV  
  99  6:33  Marine  
  99  6:36  SCV  
  99  6:37  SCV  
  100  6:42  Supply Depot, Marine  
  100  6:44  Supply Depot  
  100  6:45  Marine  
  100  6:46  SCV, Marine  
  104  6:47  Armory  
  104  6:49  Marine  
  104  6:51  Combat Shield, Missile Turret  
  105  6:56  Medivac  
  105  6:57  Marine  
  105  6:58  SCV  
  109  7:03  SCV x2  
  109  7:05  Supply Depot  
  109  7:07  Supply Depot  
  111  7:10  SCV  
  111  7:11  Marine x2  
  111  7:12  Barracks Reactor x2  
  114  7:15  SCV x2  
  108  7:27  Marine  
  108  7:28  Marine  
  108  7:29  Marine x2, Siege Tank  
  99  7:30  SCV x3  
  99  7:33  Refinery x2  
  99  7:36  Terran Infantry Weapons Level 2  
  102  7:38  Marine  
  102  7:42  SCV x2, Medivac  
  107  7:45  Marine  
  107  7:46  Marine  
  107  7:48  Marine  
  110  7:56  SCV  
  110  7:58  Command Center, Marine  
  111  8:00  Supply Depot  
  111  8:01  Sensor Tower  
  111  8:04  Marine x4  
  119  8:05  Siege Tank  
  119  8:06  SCV  
  119  8:09  SCV  
  119  8:11  Marine x2  
  123  8:14  Viking  
  123  8:15  Viking  
  123  8:18  SCV  
  123  8:19  Marine x2  
  129  8:22  Terran Infantry Armor Level 2  
  129  8:26  Marine  
  129  8:27  SCV, Marine  
  130  8:28  SCV  
  130  8:31  Supply Depot  
  130  8:32  Supply Depot  
  134  8:34  Marine x3  
  134  8:35  Marine  
  134  8:38  SCV  
  134  8:41  Missile Turret  
  139  8:43  Terran Vehicle Weapons Level 1, Marine  
  139  8:44  Marine x2  
  139  8:45  Marine  
  139  8:47  Barracks Reactor  
  142  8:49  SCV x2  
  142  8:51  Factory  
  142  8:52  Marine, Siege Tank  
  142  8:54  Marine  
  142  8:55  Marine x2  
  151  8:58  SCV  
  151  9:01  Marine x2  
  151  9:02  Medivac, Marine  
  157  9:03  Viking  
  157  9:04  Marine  
  157  9:08  SCV x2  
  157  9:09  Marine  
  162  9:12  Marine  
  162  9:13  Marine  
  165  9:20  Marine  
  165  9:21  Marine  
  165  9:23  Marine x2  
  169  9:25  Marine  
  169  9:28  Siege Tank  
  170  9:32  Marine x3  
  173  9:38  Siege Tank  
  173  9:39  Viking x2  
  180  9:46  Supply Depot x2, Marine x3  
  180  9:52  Marine  
  183  9:56  Marine x2  
  184  10:02  Marine  
  184  10:04  Marine  
  184  10:06  Marine  
  187  10:07  Terran Infantry Weapons Level 3, Siege Tank  
  190  10:14  Planetary Fortress  
  190  10:16  Marine  
  190  10:17  Refinery, Marine x3  
  190  10:18  Refinery  
  190  10:19  Command Center  
  190  10:21  Marine x2  
  193  10:26  Marine x2, Siege Tank  
  194  10:29  Marine  
  194  10:31  Marine  
  194  10:34  Marine  
  197  10:37  Marine  
  197  10:40  Marine  
  196  10:50  Command Center  
  196  10:52  Marine  
  196  10:54  Marine  
  196  10:55  Marine  
  196  10:56  Siege Tank  
  196  10:57  Viking x2  
  197  10:58  Starport  
  197  10:59  Starport  
  197  11:02  Siege Tank  
  200  11:15  Marine  
  200  11:32  Marine  
  188  11:35  Marine x2  
  188  11:38  Marine x3, Siege Tank  
  188  11:39  Medivac  
  199  11:42  Marine x2  
  199  11:43  Siege Tank  
  199  11:44  Starport Tech Lab  
  199  11:45  Terran Infantry Armor Level 3, Starport Tech Lab  
  199  11:46  Terran Vehicle Weapons Level 2  
  188  11:52  Marine  
  189  11:54  Viking  
  189  11:55  Marine  
  189  11:57  Command Center  
  189  11:58  Marine  
  189  12:00  Marine x2  
  195  12:05  Marine  
  195  12:06  Marine  
  197  12:10  Marine  
  197  12:11  Corvid Reactor  
  197  12:12  Raven  
  200  12:21  Command Center  
  200  12:22  Command Center  
  200  12:23  Barracks  
  200  12:24  Barracks  
  200  12:25  Barracks  
  200  12:32  Sensor Tower  
  196  12:40  Command Center  
  174  12:44  Marine x2  
  174  12:48  Marine x2  
  174  12:49  Viking  
  178  12:54  Marine  
  173  13:02  Marine x2  
  173  13:03  Viking, Siege Tank  
  173  13:04  Raven x2  
  173  13:05  Marine  
  147  13:06  Marine x2  
  147  13:07  Marine x3, Siege Tank  
  147  13:09  SCV x2  
  147  13:12  Planetary Fortress  
  157  13:13  Marine x2  
  157  13:15  Barracks Reactor  
  157  13:16  Barracks Reactor x2  
  159  13:20  Marine x2  
  159  13:23  Marine  
  159  13:24  Marine x2  
  159  13:25  Viking  
  159  13:26  Marine  
  167  13:28  Marine x2  
  167  13:31  Marine x2  
  171  13:36  Siege Tank  
  171  13:38  Viking, Marine x2  
  171  13:40  Orbital Command x2  
  171  13:41  Marine  
  178  13:42  Planetary Fortress, Marine x2  
  178  13:47  Raven, Marine x2  
  185  13:49  Siege Tank  
  185  13:53  Marine  
  185  13:54  Raven  
  191  13:57  Marine  
  192  14:04  Viking, Marine x2  
  192  14:08  Siege Tank  
  199  14:11  Missile Turret  
  199  14:12  Missile Turret  
  199  14:14  Sensor Tower  
  199  14:16  Marine x2  
  197  14:39  Marine  
  197  14:42  Marine  
  197  14:45  Marine  
  200  14:47  Sensor Tower  
  200  15:03  Command Center, Terran Vehicle And Ship Armor Level 1  
  200  15:04  Command Center x2  
  182  15:15  Marine  
  182  15:16  Marine x2  
  182  15:18  Marine x2  
  181  15:24  Marine  
  181  15:25  Marine  
  181  15:28  Marine  
  178  15:29  Marine  
  178  15:31  Marine  
  178  15:32  Marine, Siege Tank  
  178  15:33  Marine  
  178  15:35  Marine x2  
  172  15:39  Marine, Siege Tank  
  172  15:40  Marine x2  
  172  15:41  Raven  
  182  15:43  Marine  
  182  15:46  Raven, Medivac  
  182  15:47  Medivac  
  182  15:48  Marine x2  
  181  15:50  SCV, Marine  
  181  15:52  Marine  
  181  15:53  Marine  
  181  15:54  Command Center  
  181  15:56  Marine  
  186  16:01  Marine  
  186  16:02  Marine  
  186  16:03  Marine  
  186  16:04  Siege Tank  
  191  16:05  Marine  
  191  16:06  Marine  
  191  16:11  Marine x2  
  194  16:13  Marine  
  194  16:14  Marine x4  
  200  16:42  Orbital Command x2  
  195  16:57  Marine x2  
  195  16:58  Marine  
  186  17:02  Marine x3  
  186  17:05  Marine x2  
  186  17:06  Raven  
  186  17:07  Marine  
  194  17:10  Marine  
  195  17:19  Marine x5  
  195  17:20  Raven  
  195  17:21  Marine x3  
  195  17:22  Marine, Siege Tank  
  161  17:25  Marine x5  
  153  17:30  Marine x2  
  153  17:32  Viking  
  138  17:37  Marine  
  138  17:43  Medivac, Marine x2  
  138  17:45  Marine x3  
  138  17:48  SCV x2  
  138  17:49  Marine  
  138  17:50  Marine  
  141  17:53  Raven  
  141  17:56  Marine x2  
  141  17:58  Marine  
  133  18:06  Marine  
  133  18:07  Marine x4  
  133  18:09  Marine  
  133  18:10  Marine  
  125  18:15  Marine  
  125  18:17  Marine  
Show
View Real Time Build Order
Export as new Build Order

TYTY Terran 

Build Orders: Reaper Expand 

Get SALT Encoding   

  12  0:00  SCV  
  13  0:12  SCV  
  14  0:17  Supply Depot  
  14  0:24  SCV  
  15  0:38  SCV  
  15  0:41  Barracks  
  16  0:42  Refinery  
  16  0:50  SCV  
  17  1:02  SCV  
  18  1:15  SCV  
  19  1:27  Orbital Command  
  19  1:28  Reaper  
  20  1:40  Command Center  
  20  1:47  Supply Depot  
  20  1:53  SCV  
  21  2:00  Reaper  
  22  2:05  SCV  
  23  2:16  Refinery  
  23  2:17  SCV  
  23  2:20  Factory  
  25  2:30  SCV  
  25  2:39  Barracks Reactor  
  25  2:42  SCV  
  26  2:54  SCV, Orbital Command  
  27  3:05  Bunker, Starport  
  27  3:06  SCV  
  27  3:07  Hellion  
  30  3:15  Marine x2  
  30  3:18  SCV  
  33  3:23  SCV  
  33  3:29  Factory Tech Lab  
  33  3:30  SCV  
  33  3:33  Marine x2  
  36  3:35  SCV  
  36  3:38  Supply Depot  
  37  3:42  SCV  
  37  3:47  SCV  
  39  3:50  Marine  
  39  3:51  Marine  
  39  3:53  Raven  
  39  3:54  SCV, Refinery  
  44  3:57  Factory Tech Lab  
  44  4:00  SCV  
  45  4:06  SCV  
  45  4:08  Marine  
  48  4:12  SCV  
  49  4:18  SCV  
  49  4:22  Siege Tank  
  49  4:24  SCV  
  54  4:26  Supply Depot  
  54  4:28  Command Center  
  54  4:30  SCV  
  54  4:38  Supply Depot  
  54  4:46  Supply Depot  
  54  4:47  Raven, Marine x2  
  54  4:48  SCV x2  
  60  4:55  Siege Tank  
  62  5:00  SCV x2  
  62  5:05  Marine x2  
  66  5:08  Supply Depot  
  66  5:09  Barracks  
  66  5:12  SCV x2, Barracks  
  68  5:21  Engineering Bay  
  68  5:24  SCV x2, Engineering Bay  
  70  5:29  Siege Tank  
  73  5:36  SCV x2  
  73  5:38  Supply Depot, Stimpack, Marine  
  73  5:41  Starport Reactor  
  76  5:45  Orbital Command  
  76  5:48  SCV  
  77  5:56  Marine  
  79  5:57  Refinery  
  79  6:01  Siege Tank  
  79  6:02  Barracks Reactor  
  79  6:03  Barracks  
  82  6:06  Terran Infantry Weapons Level 1  
  82  6:09  Barracks  
  82  6:10  Marine x2  
  82  6:15  Marine  
  82  6:18  SCV x2  
  85  6:22  Medivac  
  85  6:25  Medivac  
  88  6:27  Supply Depot x2, Orbital Command  
  88  6:28  Marine x2  
  88  6:32  Marine  
  90  6:35  Missile Turret  
  90  6:36  Siege Tank  
  94  6:41  Missile Turret, Marine x2  
  94  6:43  SCV  
  94  6:46  SCV, Marine x2  
  100  6:53  SCV  
  101  6:54  Marine  
  101  6:55  SCV  
  101  6:56  Barracks Reactor  
  101  6:57  Barracks Reactor, Sensor Tower  
  103  7:02  Marine x2  
  103  7:04  Marine  
  103  7:05  SCV x2  
  110  7:10  Terran Infantry Armor Level 1  
  110  7:11  SCV  
  110  7:12  Refinery  
  110  7:13  Marine x2  
  110  7:17  SCV, Viking  
  110  7:20  Marine x2  
  113  7:24  Marine  
  113  7:25  SCV x2  
  113  7:28  Siege Tank  
  113  7:29  Viking  
  116  7:30  SCV, Marine  
  116  7:32  Refinery  
  120  7:37  SCV  
  120  7:38  Combat Shield  
  120  7:39  SCV  
  120  7:42  SCV  
  120  7:44  Supply Depot x2  
  123  7:45  Supply Depot x2  
  123  7:50  SCV  
  123  7:51  SCV  
  123  7:54  Armory, SCV  
  124  8:02  SCV  
  124  8:05  SCV, Medivac, Marine, Siege Tank  
  131  8:07  Marine x6  
  131  8:09  Command Center, Marine x2  
  131  8:12  Medivac  
  142  8:13  SCV  
  142  8:14  SCV  
  144  8:23  Marine  
  144  8:25  Supply Depot, Marine x4  
  148  8:31  Marine x4  
  148  8:34  Factory  
  152  8:39  Siege Tank  
  152  8:41  Medivac, Marine  
  157  8:46  Medivac, Marine x4  
  163  8:49  Marine x2, Terran Infantry Weapons Level 2  
  163  8:51  Supply Depot x2  
  165  9:08  Barracks Reactor  
  165  9:12  SCV x3, Marine x3  
  165  9:13  Viking  
  165  9:15  Sensor Tower  
  165  9:16  Viking  
  175  9:18  Siege Tank  
  175  9:21  Supply Depot  
  175  9:24  SCV x2, Command Center  
  178  9:28  Terran Infantry Armor Level 2  
  178  9:29  Marine  
  178  9:30  Marine x6  
  185  9:38  Terran Vehicle Weapons Level 1  
  185  9:39  Refinery  
  185  9:43  Refinery  
  188  9:48  Marine x5  
  188  9:51  Viking x2  
  197  9:55  Siege Tank  
  197  9:57  Planetary Fortress  
  196  10:04  Marine  
  196  10:05  Marine x2  
  196  10:06  Marine x2  
  199  10:12  Marine  
  200  10:27  Siege Tank  
  200  10:28  Viking x2  
  194  10:29  Siege Tank  
  194  10:30  Starport  
  194  10:31  Starport  
  194  10:32  Marine x3  
  200  10:49  Marine  
  195  10:50  Marine x4  
  195  10:53  Marine x2  
  200  10:57  Planetary Fortress  
  200  10:59  Command Center  
  200  11:02  SCV x2  
  200  11:11  Terran Infantry Weapons Level 3  
  200  11:16  Starport Tech Lab x2  
  200  11:17  Medivac  
  199  11:35  Siege Tank  
  199  11:38  Sensor Tower  
  194  11:40  Raven x2  
  194  11:43  Terran Vehicle Weapons Level 2  
  194  11:46  Medivac  
  195  11:49  Barracks  
  195  11:50  Barracks  
  195  11:52  Command Center  
  195  11:53  Marine x3  
  195  11:54  Marine x2  
  200  11:55  Command Center  
  200  11:59  Refinery  
  199  12:27  Command Center, Refinery, Orbital Command  
  197  12:34  Viking x2  
  193  12:41  Viking  
  179  12:46  Marine  
  179  12:49  Siege Tank x2  
  184  12:52  Barracks Reactor x2, Raven  
  184  12:53  Marine x8  
  184  12:54  Terran Infantry Armor Level 3, Marine  
  195  13:03  Marine  
  163  13:08  Viking  
  163  13:11  Marine x9  
  163  13:12  Viking  
  166  13:15  Raven, Orbital Command  
  168  13:22  Siege Tank  
  171  13:29  Marine  
  171  13:30  Marine x7  
  179  13:37  Marine x2  
  179  13:39  Marine x2  
  179  13:40  Marine  
  184  13:42  Raven  
  184  13:48  Planetary Fortress  
  186  13:49  SCV x3  
  186  13:50  SCV  
  186  13:53  Viking x2  
  193  13:56  Siege Tank  
  193  13:58  Raven  
  198  14:03  Terran Vehicle And Ship Armor Level 1  
  198  14:18  Marine x2  
  200  14:31  Neosteel Armor  
  200  14:32  Missile Turret  
  200  14:37  Liberator x2  
  195  14:41  Marine  
  195  14:42  Raven  
  195  14:43  Raven  
  199  14:47  Siege Tank x2  
  199  14:53  Marine  
  193  15:00  Marine  
  193  15:01  Marine x6  
  187  15:14  Marine  
  187  15:15  Marine x3  
  187  15:18  Marine  
  187  15:19  Marine  
  187  15:20  Siege Tank x2  
  176  15:22  Marine x2  
  173  15:29  Raven  
  173  15:30  Raven  
  173  15:32  Liberator x2  
  173  15:34  Marine  
  173  15:35  Marine x5  
  176  15:42  Marine x2  
  163  15:43  Marine x3  
  163  15:48  Marine  
  163  15:49  Marine  
  166  15:52  Marine x2, Siege Tank  
  166  15:53  Marine x2  
  166  15:57  Marine x3  
  164  16:00  Marine x3  
  164  16:01  Marine x2  
  164  16:02  Siege Tank  
  161  16:06  Marine x2  
  161  16:10  Marine x4  
  154  16:14  Marine  
  154  16:15  Marine x2  
  154  16:16  Orbital Command  
  154  16:18  Marine x2  
  153  16:24  Siege Tank  
  157  16:25  Marine  
  157  16:26  Marine x2  
  157  16:28  Raven  
  165  16:37  Marine x2  
  164  16:44  Marine x2, Siege Tank  
  162  16:50  Marine x4  
  159  16:55  Marine x2  
  143  17:01  Marine  
  143  17:02  Marine  
  143  17:08  Marine  
  135  17:09  SCV x2  
  133  17:22  Marine  
  113  17:23  Marine x2  
  113  17:26  SCV  
  113  17:28  Marine x2  
  105  17:36  Marine x2  
  107  17:46  Marine x3  
  108  17:51  Marine  
  108  17:55  Marine  
  111  18:03  Marine  
  89  18:25  Supply Depot  
  89  18:26  Supply Depot  
Tags
 
Add a new tag
Caveats
  • Supply blocks, unpowered buildings, or Contaminate may cause inaccurate times.
  • Supply counts are checked every 10 seconds.